 Dungeon Crawl Stone Soup version 0.13.0-9-gbc74161 (webtiles) character file.

96 Bloax the Ruffian (level 3, -4/30 HPs)
             Began as a Minotaur Monk on Oct 17, 2013.
             Killed from afar by an orc wizard (6 damage)
             ... with a magic dart
             ... on Level 3 of the Dungeon.
             The game lasted 00:03:38 (400 turns).

Bloax the Ruffian (Minotaur Monk)                    Turns: 400, Time: 00:03:38

HP  -4/30        AC  3     Str 15      XL: 3   Next: 53%
MP   1/1         EV 12     Int  7      God:
Gold 47          SH  0     Dex 13      Spells:  0 memorised,  2 levels left

Res.Fire  : . . .   See Invis. : .     - Unarmed
Res.Cold  : . . .   Warding    : .   j - +0 orc leather armour
Life Prot.: . . .   Conserve   : .   (no shield)
Res.Poison: .       Res.Corr.  : .   (helmet restricted)
Res.Elec. : .       Clarity    : .   (no cloak)
Sust.Abil.: . .     Spirit.Shd : .   (no gloves)
Res.Mut.  : .       Stasis     : .   (no boots)
Res.Rott. : .       Flight     : .   (no amulet)
Saprovore : . . .                    (no ring)
                                     (no ring)

@: not resistant to hostile enchantments, unstealthy
A: retaliatory headbutt, horns 2
a: no special abilities


You were on level 3 of the Dungeon.
You were very full.

You visited 1 branch of the dungeon, and saw 3 of its levels.

You collected 47 gold pieces.


Innate Abilities, Weirdness & Mutations

You reflexively headbutt those who attack you in melee.
You have a pair of horns on your head.


   Skills:
 + Level 4.4 Fighting
 + Level 3.8 Dodging
 - Level 1.5 Stealth
 + Level 4.9 Unarmed Combat


You had 2 spell levels left.
You didn't know any spells.

Dungeon Overview and Level Annotations

Branches:
Dungeon (3/27)

Altars:

Inventory:

Armour
 j - a +0 orcish leather armour (worn)
   (You took it off an orc on level 3 of the Dungeon)
Comestibles
 b - a bread ration
 f - 2 meat rations
Scrolls
 c - 2 scrolls of identify
 g - 5 scrolls of remove curse

. o# ########### ..#
#.....o@..#
...#######.#######.#########
....o.o.o..# #.)........
...######### #####[#########
..# #.....# .# #####.###.###
. #...........#
#.#.....#.#.# #....%......#


You could see an orc wizard.


Message History

The orc hits you with an orcish club.
* * * LOW HITPOINT WARNING * * *
You hit the orc.
The orc is severely wounded.
The orc barely misses you.
You punch the orc!
You kill the orc!
A kobold comes into view. It is wielding a runed short sword.
The kobold shouts!
Items here: %% )) [ an orcish club; an orc corpse; an orcish mace; an orcish leather armour an orc corpse You hit the kobold.
You kill the kobold!
You now have 47 gold pieces (gained 12).
Things that are here:
a runed short sword; a kobold corpse
Items here: %% )) [ an orcish club; an orc corpse; an orcish mace; an orcish leather armour an orc corpse
j - an orcish leather armour Wear which item? (? for menu, Esc to quit)
You don't have any such object.
Wear which item? (? for menu, Esc to quit)
You finish taking off your +0 robe.
You finish putting on your +0 orcish leather armour.
Drop what? (_ for help) (? for menu, Esc to quit)
You drop a +0 robe.
The orc wizard shouts!
The orc wizard casts a spell at you. The puff of flame hits you!
Your scroll labeled ZUYVAOL ABAZ catches fire!
Your scroll labeled QAUCIS DAOFREN catches fire!
* * * LOW HITPOINT WARNING * * *
Unknown command.
Read which item? (? for menu, Esc to quit)
Okay, then.
You aren't carrying any potions.
Read which item? (? for menu, Esc to quit)
As you read the scroll labeled ZOCYMOWAMO, it crumbles to dust.
Your brain hurts!
It was a scroll of random uselessness.
The orc wizard points at you and mumbles some strange words.
The magic dart hits you!
* * * LOW HITPOINT WARNING * * *
Read which item? (? for menu, Esc to quit)
As you read the scroll labeled BUKAZO MONTA, it crumbles to dust.
You hear a loud clanging noise!
It was a scroll of noise.
The orc wizard points at you and mumbles some strange words.
The puff of frost misses you.
Read which item? (? for menu, Esc to quit)
As you read the scroll labeled IPUABILERE, it crumbles to dust.
Use on which item? (\ to view known items) (? for menu, Esc to quit)
g - 5 scrolls of remove curse It was a scroll of identify.
You aren't carrying any potions.
The orc wizard gestures wildly while chanting.
You feel a wave of unholy energy pass over you.
You hit the orc wizard but do no damage.
The orc wizard barely misses you. You furiously retaliate!
You headbutt the orc wizard!
You hit the orc wizard but do no damage.
The orc wizard is heavily wounded.
The orc wizard hits you with an orcish dagger.
* * * LOW HITPOINT WARNING * * *
You barely miss the orc wizard.
The orc wizard is heavily wounded.
The orc wizard gestures at you while chanting.
The magic dart hits you!
You die...

Action                   || total
-------------------------++-------
Melee: Unarmed           ||    52
  Use: Potion            ||     3
       Scroll            ||     3

Vault maps used:
D:1:      lemuel_entry_rhombus, st_stairs_11, hangedman_decor_clover_reticule
D:2:      wad_orctagon, uniq_sigmund
D:3:      small_statue_alley_b, uniq_jessica

Notes
Turn   | Place    | Note
--------------------------------------------------------------
     0 | D:1      | Bloax, the Minotaur Monk, began the quest for the Orb.
     0 | D:1      | Reached XP level 1. HP: 17/17 MP: 0/0
    59 | D:2      | Reached XP level 2. HP: 22/24 MP: 0/0
   141 | D:2      | Reached skill level 4 in Fighting
   149 | D:2      | HP: 6/25 [orc/orcish mace (5)]
   161 | D:2      | HP: 1/25 [orc/orcish mace (6)]
   253 | D:3      | Noticed Jessica
   256 | D:3      | HP: 3/25 [Jessica/nerve-wracking pain (7)]
   258 | D:3      | Killed Jessica
   258 | D:3      | Reached XP level 3. HP: 4/30 MP: 1/1
   394 | D:3      | HP: 6/30 [orc wizard/magic dart (2)]
   399 | D:3      | HP: 2/30 [orc wizard/orcish dagger (5)]
   400 | D:3      | Killed from afar by an orc wizard

Vanquished Creatures
  Jessica (D:3)
  A giant gecko (D:2)
  An ooze (D:2)
  6 orcs
  3 hobgoblins (D:2)
  2 jackals (D:2)
  2 kobolds
  4 bats
  A giant newt (D:2)
  2 rats
23 creatures vanquished.
